 Dungeon Crawl Stone Soup version 0.19-a0-1254-gb9c29c0 (webtiles) character file.

361 hairmachine the Cudgeler (level 6, -10/47 HPs)
             Began as a Formicid Fighter on Aug 27, 2016.
             Mangled by an ogre
             ... wielding a +0 giant club
              (29 damage)
             ... on level 5 of the Dungeon.
             The game lasted 00:12:50 (2891 turns).

hairmachine the Cudgeler (Formicid Fighter)         Turns: 2891, Time: 00:12:51

Health: -10/47     AC:  8    Str: 20      XL:     6   Next: 99%
Magic:  6/6        EV:  8    Int:  7 (8)  God:
Gold:   154        SH:  9    Dex: 10 (12) Spells: 0 memorised, 5 levels left

rFire  . . .     SeeInvis +     x - +2 mace
rCold  . . .     Gourm    .     b - +0 scale mail
rNeg   . . .     Faith    .     c - +0 shield
rPois  .         Spirit   .     (helmet unavailable)
rElec  .         Dismiss  .     (no cloak)
rCorr  .         Reflect  .     s - +0 pair of gloves
MR     .....     Harm     .     (no boots)
Stlth  ..........               (no amulet)
                                (no ring)
                                (no ring)

@: no status effects
A: permanent stasis, dig shafts and tunnels, four strong arms, antennae 3
a: Dig, Shaft Self


You were on level 5 of the Dungeon.
You were hungry.

You visited 1 branch of the dungeon, and saw 6 of its levels.

You collected 154 gold pieces.

Inventory:

Hand Weapons
 x - a +2 mace (weapon)
Armour
 b - a +0 scale mail (worn)
 c - a +0 shield (worn)
 s - a +0 pair of gloves (worn)
Jewellery
 o - a cursed ring of loudness {unknown}
 p - a +4 ring of strength {unknown}
Scrolls
 e - a scroll of fog {unknown}
 h - a scroll of identify
 i - a scroll of enchant weapon {unknown}
 j - a scroll of enchant armour {unknown}
 k - a scroll of recharging {unknown}
 l - a scroll of noise {unknown}
 q - a scroll of amnesia {unknown}
 r - a scroll of fear {unknown}
Potions
 u - a potion of curing
 v - a potion of brilliance {unknown}
 w - a potion of heal wounds {unknown}
Comestibles
 f - a bread ration
 m - 3 meat rations
 n - 5 fruits
 t - a slice of pizza


   Skills:
 + Level 3.6 Fighting
 + Level 6.4 Maces & Flails
 - Level 3.2 Armour
 + Level 4.3 Shields


You had 5 spell levels left.
You didn't know any spells.

Dungeon Overview and Level Annotations

Branches:
Dungeon (7/15)
 Temple: D:4-7

Altars:
Elyvilon
Fedhas
Zin


Innate Abilities, Weirdness & Mutations

You are under a permanent stasis effect.
You can dig through walls and to a lower floor.
Your four strong arms can wield two-handed weapons with a shield.
You have a pair of large antennae on your head. (SInv)


Message History

You kill the giant frog!
You feel your strength returning. The ogre closely misses you.
There is a stone staircase leading up here.
The ogre hits you with a giant club!
You climb upwards.
You hear the sound of rushing water.
There is an entrance to a sewer on this level.
Hurry and find it before the portal rusts away!
The worker ant twitches its antennae in your direction.
Found a glowing chain mail.
There is a stone staircase leading down here.
Okay, then.
Okay, then.
You hit the ogre.
The ogre is lightly wounded.
The ogre hits you with a giant club!!
* * * LOW HITPOINT WARNING * * *
You feel better. The ogre hits you with a giant club!!
Ouch! That really hurt!
You die...

#######
#@O...#
#.a.......
#..........
#..........
#..........
#....[.....
#..........
##.........


You could see an ogre and a worker ant.

Vanquished Creatures
  2 giant frogs
  A wight (D:6)
  An orc priest (D:3)
  A gnoll shaman (D:1)
  An orc wizard (D:2)
  3 adders
  A worm (D:6)
  3 dart slugs
  5 giant geckos
  3 orcs (D:3)
  2 ball pythons
  5 giant cockroaches
  5 goblins
  6 hobgoblins
  3 jackals (D:2)
  7 kobolds
  A quokka (D:2)
  7 bats
  2 giant newts (D:2)
  10 rats
69 creatures vanquished.

Vanquished Creatures (others)
  A ball python (D:2)
  A goblin (D:2)
2 creatures vanquished.

Grand Total: 71 creatures vanquished

Notes
Turn   | Place    | Note
-------+----------+-------------------------------------------
     0 | D:1      | hairmachine the Formicid Fighter began the quest for the Orb.
     0 | D:1      | Reached XP level 1. HP: 18/18 MP: 1/1
   104 | D:1      | Reached XP level 2. HP: 24/24 MP: 2/2
   339 | D:1      | Reached skill level 3 in Maces & Flails
   522 | D:1      | Reached XP level 3. HP: 29/29 MP: 3/3
   749 | D:1      | Reached skill level 4 in Maces & Flails
   749 | D:1      | Reached XP level 4. HP: 9/35 MP: 4/4
  1107 | D:2      | Found a faded altar of an unknown god.
  1517 | D:2      | Reached XP level 5. HP: 38/41 MP: 5/5
  1590 | D:2      | Found a blossoming altar of Fedhas.
  1707 | D:2      | Found a white marble altar of Elyvilon.
  1707 | D:2      | Found a glowing silver altar of Zin.
  1846 | D:2      | Found a white marble altar of Elyvilon.
  2200 | D:3      | Reached skill level 5 in Maces & Flails
  2514 | D:3      | You fall through a shaft for 3 floors!
  2531 | D:6      | Noticed a giant frog
  2543 | D:7      | Killed a giant frog
  2543 | D:7      | Reached XP level 6. HP: 36/47 MP: 6/6
  2627 | D:6      | Reached skill level 6 in Maces & Flails
  2831 | D:6      | Noticed an ogre
  2889 | D:5      | Entered Level 5 of the Dungeon
  2891 | D:5      | Mangled by an ogre

Vault maps used:
D:1:      elethiomel_arrival_quiet
D:2:      fedhas_altar_3, gammafunk_temple_overflow_elements,
          ecumenical_altar_2, elyvilon_altar_4
D:3:      kb_xom_exploding_sheep, tso_altar, first_bread
D:5:      lemuel_ratsnest, portal_sewer_entry_e
D:6:      marbit_many_paths, kennysheep_mini_moat, gup_ossuary_entry_pyramid,
          corexii_corridor_pit, st_stairs_4, grunt_decor_resistance
D:7:      okawaru_ov_weapons_minmay, basic_altar, grunt_livestock

Skill      XL: |  1  2  3  4  5  6 |
---------------+-------------------+-----
Maces & Flails | 3 4 5 6 |  6.4
Shields        | 4 |  4.3
Fighting       | |  3.6
Armour         | |  3.2

Action                   |  1- 3 |  4- 6 || total
-------------------------+-------+-------++-------
Melee: Flail             |    65 |   168 ||   233
       Mace              |       |    10 ||    10
  Use: Potion            |     1 |     4 ||     5
       Scroll            |       |     2 ||     2
  Eat: Chunk             |       |     6 ||     6
Armor: Scale mail        |    25 |    77 ||   102
Dodge: Dodged            |    12 |    29 ||    41
Block: Shield            |    30 |    75 ||   105
